 Dungeon Crawl Stone Soup version 0.29.0-4-gdea44cf6ec (webtiles) character file.

Game seed: 16541353531955171274

91 qw the Chopper (level 4, -2/28 HPs)
             Began as a Gargoyle Fighter on Sept 9, 2022.
             Slain by a lemure (4 damage)
             ... led by Pikel
             ... on level 4 of the Dungeon.
             The game lasted 00:01:04 (2880 turns).

qw the Chopper (Gargoyle Fighter)                   Turns: 2880, Time: 00:01:04

Health: -2/28      AC: 10    Str: 22    XL:     4   Next: 59%
Magic:  4/4        EV:  9    Int:  8    God:
Gold:   149        SH:  4    Dex:  9    Spells: 3/3 levels left

rFire   . . .      SeeInvis .   Y - +0 broad axe
rCold   . . .      Faith    .   c - +0 buckler
rNeg    + . .      Spirit   .   b - +0 scale mail
rPois   inf        Reflect  .   (no helmet)
rElec   +          Harm     .   (no cloak)
rCorr   .          Rampage  .   (no gloves)
Will    .....                   (no boots)
Stlth   ..........              (no amulet)
HPRegen 0.09/turn               (no ring)
MPRegen 0.09/turn               (no ring)

@: no status effects
A: sickness immunity, AC +3, negative energy resistance 1, electricity
resistance, torment resistance 1, petrification resistance
a: no special abilities


You were on level 4 of the Dungeon.
You visited 1 branch of the dungeon, and saw 4 of its levels.

You collected 149 gold pieces.


Innate Abilities, Weirdness & Mutations

You are immune to sickness and miasma.
Your stone body is resilient. (AC +3)
You are immune to poison.
You resist negative energy. (rN+)
You are resistant to electric shocks. (rElec)
You are resistant to unholy torment.
You are immune to petrification.


   Skills:
 - Level 3.2 Fighting
 + Level 4.2 Axes
 - Level 3.2 Armour
 - Level 3.2 Shields


You had 3 spell levels left.
You didn't know any spells.
Your spell library was empty.

Inventory:

Hand Weapons
 n - a +0 flail
 Y - a +0 broad axe (weapon)
Armour
 b - a +0 scale mail (worn)
 c - a +0 buckler (worn)
Scrolls
 a - 3 scrolls of identify
Potions
 d - a potion of might
 g - a potion of mutation
 j - a potion of haste
 l - a potion of lignification

Dungeon Overview and Level Annotations

Branches:
Dungeon (4/15)
 Temple: D:4-7

Altars:
Makhleb

Annotations:
D:4 Pikel


Message History

2868 ||| Stepping ~*~*~tactically~*~*~ (stealth).
2870 ||| Stepping ~*~*~tactically~*~*~ (stealth).
You slash the lemure!
The lemure is moderately wounded.
The lemure hits you but does no damage.
You barely miss the lemure.
The lemure is moderately wounded.
The lemure hits you.
You barely miss the lemure.
The lemure is moderately wounded.
The lemure hits you. The lemure hits you!
You barely miss the lemure.
The lemure is moderately wounded.
You closely miss the lemure.
The lemure is moderately wounded.
You closely miss the lemure. The lemure hits you.
The lemure hits you but does no damage.
You hit the lemure but do no damage.
The lemure is moderately wounded.
You closely miss the lemure. The lemure hits you but does no damage.
The lemure hits you. The lemure barely misses you.
The lemure hits you but does no damage.
You closely miss the lemure.
The lemure is moderately wounded.
You closely miss the lemure. The lemure hits you. The lemure barely misses you.
You slash the lemure!
The lemure is severely wounded.
You barely miss the lemure. You block the lemure's attack. The lemure hits you.
The lemure hits you but does no damage. The lemure closely misses you.
You barely miss the lemure.
The lemure is severely wounded.
You slash the lemure! The lemure hits you but does no damage.
The lemure barely misses you.
You barely miss the lemure.
The lemure is severely wounded.
You slash the lemure! The lemure hits you but does no damage.
The lemure hits you.
You die...

###........
#####################...#######
....................'...'......
.######.#############.>.#######
...............................
#######.########.#######.#####.
#.....####............<#
#####....#############.#
####@5...... #5#..####
.......5.....# ....5##.##...#
5... #.# #..# ... #.# ..# ..
#.# ... . #.# # #..


You could see 3 lemures.

Vanquished Creatures
  An orc wizard (D:2)
  An adder (D:2)
  A worm (D:2)
  A dart slug (D:1)
  2 orcs (D:3)
  9 ball pythons
  3 bats
  3 endoplasms
  A giant cockroach (D:2)
  6 goblins
  5 hobgoblins
  4 kobolds
  3 quokkas
  A frilled lizard (D:1)
  4 rats
45 creatures vanquished.

Notes
Turn   | Place    | Note
-------+----------+-------------------------------------------
     0 | D:1      | qw the Gargoyle Fighter began the quest for the Orb.
     0 | D:1      | Reached XP level 1. HP: 14/14 MP: 1/1
     0 | D:1      | 0 ||| qw: Version: 0.1-a-113-g051387a
     0 | D:1      | 0 ||| qw: Game counter: 6992
     0 | D:1      | 0 ||| qw: Always use a shield: true
     0 | D:1      | 0 ||| qw: God list: Okawaru
     0 | D:1      | 0 ||| qw: Allow faded altars: false
     0 | D:1      | 0 ||| qw: Do Orc after D:15 true
     0 | D:1      | 0 ||| qw: Do second Lair branch before Depths: true
     0 | D:1      | 0 ||| qw: Lair rune preference: random
     0 | D:1      | 0 ||| qw: Plans: Normal, Zot, God:TSO, Crypt, Tomb, Zig,
                  | Orb
     0 | D:1      | 0 ||| PLANNING D:1-11
    17 | D:1      | 17 ||| Stepping ~*~*~tactically~*~*~ (stealth).
    26 | D:1      | Reached skill level 2 in Axes
   163 | D:1      | 163 ||| Stepping ~*~*~tactically~*~*~ (hiding).
   174 | D:1      | Reached XP level 2. HP: 19/19 MP: 2/2
   331 | D:1      | 331 ||| DROPPING +0 club.
  1041 | D:1      | 1041 ||| DROPPING scarf of invisibility.
  1042 | D:1      | 1042 ||| READING 2 scrolls labelled NETUVVATS.
  1043 | D:1      | 1043 ||| READING scroll labelled QAEMUCR LELLY.
  1044 | D:1      | 1044 ||| READING scroll labelled XIK VYOROBUAN.
  1045 | D:1      | 1045 ||| READING scroll labelled PURIX ZYRRAHUROL.
  1050 | D:1      | 1050 ||| DROPPING scroll of amnesia.
  1075 | D:2      | Reached skill level 3 in Axes
  1196 | D:2      | Reached XP level 3. HP: 22/23 MP: 3/3
  1212 | D:2      | 1212 ||| DROPPING +0 mace.
  1544 | D:2      | 1544 ||| DROPPING +1 whip of venom.
  1790 | D:2      | 1790 ||| READING scroll labelled OGANONU UCAXU.
  1791 | D:2      | 1791 ||| READING scroll labelled NUIN FORGHOCACE.
  1792 | D:2      | 1792 ||| DRINKING 2 murky brown potions.
  1793 | D:2      | 1793 ||| DRINKING 2 fizzy amethyst potions.
  1835 | D:2      | 1835 ||| READING 3 scrolls of identify.
  1835 | D:2      | 1835 ||| IDENTIFYING puce potion
  1836 | D:2      | 1836 ||| READING 2 scrolls of identify.
  1836 | D:2      | 1836 ||| IDENTIFYING golden potion
  1837 | D:2      | 1837 ||| DROPPING potion of invisibility.
  1838 | D:2      | 1838 ||| DROPPING potion of magic.
  1858 | D:3      | 1858 ||| STAIRDANCE
  1900 | D:3      | 1900 ||| STAIRDANCE
  1996 | D:3      | 1996 ||| Stepping ~*~*~tactically~*~*~ (stealth).
  2047 | D:3      | 2047 ||| Stepping ~*~*~tactically~*~*~ (stealth).
  2048 | D:3      | 2048 ||| Stepping ~*~*~tactically~*~*~ (stealth).
  2054 | D:3      | Reached XP level 4. HP: 23/28 MP: 4/4
  2121 | D:3      | 2121 ||| SWAPPING to +0 broad axe.
  2123 | D:3      | 2123 ||| DROPPING +1 war axe of freezing.
  2387 | D:3      | 2387 ||| FLEEEEING.
  2388 | D:3      | 2388 ||| FLEEEEING.
  2389 | D:3      | 2389 ||| FLEEEEING.
  2390 | D:3      | 2390 ||| FLEEEEING.
  2391 | D:3      | 2391 ||| FLEEEEING.
  2392 | D:3      | 2392 ||| FLEEEEING.
  2393 | D:3      | 2393 ||| FLEEEEING.
  2394 | D:3      | 2394 ||| FLEEEEING.
  2395 | D:3      | 2395 ||| FLEEEEING.
  2396 | D:3      | 2396 ||| DRINKING potion of curing.
  2396 | D:3      | 2396 ||| (to cure confusion)
  2397 | D:3      | 2397 ||| FLEEEEING.
  2398 | D:3      | 2398 ||| FLEEEEING.
  2399 | D:3      | 2399 ||| FLEEEEING.
  2400 | D:3      | 2400 ||| FLEEEEING.
  2401 | D:3      | 2401 ||| FLEEEEING.
  2402 | D:3      | 2402 ||| FLEEEEING.
  2403 | D:3      | 2403 ||| STAIRDANCE
  2412 | D:2      | Reached skill level 4 in Axes
  2544 | D:2      | 2544 ||| READING scroll labelled REVIOHE QIDADE.
  2545 | D:2      | 2545 ||| READING 4 scrolls of identify.
  2545 | D:2      | 2545 ||| IDENTIFYING glowing grey potion
  2546 | D:2      | 2546 ||| READING 3 scrolls of identify.
  2546 | D:2      | 2546 ||| IDENTIFYING blue potion
  2547 | D:2      | 2547 ||| READING 2 scrolls of identify.
  2547 | D:2      | 2547 ||| IDENTIFYING metallic dark potion
  2548 | D:2      | 2548 ||| DROPPING potion of ambrosia.
  2555 | D:3      | 2555 ||| STAIRDANCE
  2712 | D:4      | 2712 ||| PLANNING SEWER
  2779 | D:4      | Found a burning altar of Makhleb.
  2865 | D:4      | Noticed a lemure
  2865 | D:4      | Noticed a lemure
  2865 | D:4      | Noticed a lemure
  2865 | D:4      | Noticed Pikel
  2865 | D:4      | Noticed a lemure
  2866 | D:4      | 2866 ||| Stepping ~*~*~tactically~*~*~ (stealth).
  2868 | D:4      | 2868 ||| Stepping ~*~*~tactically~*~*~ (stealth).
  2870 | D:4      | 2870 ||| Stepping ~*~*~tactically~*~*~ (stealth).
  2876 | D:4      | HP: 6/28 [lemure[Pikel] (5)]
  2878 | D:4      | HP: 2/28 [lemure[Pikel] (3)]
  2880 | D:4      | Slain by a lemure

Levels and vault maps discovered:
D:1:      saegor_arrival_simple_a, layout_basic
D:2:      layout_basic, minmay_bisected
D:3:      layout_basic
D:4:      layout_basic, lemuel_doored_altar, mainiacjoe_overflow_catwalk,
          serial_shops, nicolae_shop_waterfront, portal_sewer_entry_b,
          uniq_pikel, uniq_pargi

Skill      XL: |  1  2  3  4 |
---------------+-------------+-----
Axes           | 2 3 4 |  4.2
Fighting       | |  3.2
Armour         | |  3.2
Shields        | |  3.2

Action                   |  1- 3 |  4- 6 || total
-------------------------+-------+-------++-------
Melee: War axe           |    85 |       ||    85
       Broad axe         |       |    26 ||    26
  Use: Scroll            |     8 |     4 ||    12
       Potion            |     2 |     1 ||     3
Armor: Scale mail        |    36 |    21 ||    57
Dodge: Dodged            |    35 |     9 ||    44
Block: Buckler           |    16 |     5 ||    21

Table legend:
 A = Non-vault XP
 B = Vault XP
 C = Vault XP percentage of total XP
 D = Non-vault monster count
 E = Vault monster count
 F = Vault count percentage of total count
                 A         B        C        D         E       F
            +---------+---------+-------+---------+---------+-------
      Total |     129 |       2 |   1.5 |      43 |       2 |   4.4
            +---------+---------+-------+---------+---------+-------
        D:1 |      28 |       0 |   0.0 |      14 |       0 |   0.0
        D:2 |      74 |       2 |   2.6 |      15 |       2 |  11.8
        D:3 |      27 |       0 |   0.0 |      14 |       0 |   0.0
            +---------+---------+-------+---------+---------+-------
